[Event "*** Titled Tuesday Blitz"]
[Site "Chess.com"]
[Date "2021.02.09"]
[Round "9"]
[White "AniJak"]
[Black "JQuiroga18"]
[Result "1-0"]
[WhiteElo "2331"]
[BlackElo "2411"]
[TimeControl "180+1"]
[EndTime "11:45:06 PST"]
[Termination "AniJak won on time"]

1. e4 e5 2. Nc3 Nc6 3. g3 Bc5 4.
Bg2 Nge7 5. Nge2 O-O 6. O-O a6 7. d3 d6 8. Be3 Bxe3 9. fxe3 f5 10. exf5 Bxf5 11. h3 Qd7 12. Kh2 Kh8 13. Qd2 d5 14. e4 Be6 15. exd5 Nxd5 16. Nxd5 Bxd5 17. Bxd5 Qxd5 18. Nc3 Qd4 19. Rae1 Rae8 20. b3 h6 21. Ne4 Ne7 22. Qe2 Nd5 23. Qh5 Ne3 24. Rxf8+ Rxf8 25. Ng5 Rf2+ 26. Kh1 Qd5+ 27. Ne4 Nxc2 28. Rc1 c6 29.
Kg1 Rf8 30. Rxc2 Qd4+ 31. Rf2 Rd8 32. Qf3 Qa1+ 33. Kg2 Qd4 34. h4 c5 35. h5 b5 36.
Qf5 c4 37. Nf6 gxf6 38. Qxf6+ Kg8 39. Qg6+ Kh8 40. Qxh6+ Kg8 41. Qg6+ Kh8 42. Qf6+ Kg8 43. Rf5 1-0

[Event "*** Titled Tuesday Blitz"]
[Site "Chess.com"]
[Date "2021.02.09"]
[Round "9"]
[White "youngKID"]
[Black "ckgchess"]
[Result "1-0"]
[WhiteElo "2851"]
[BlackElo "2725"]
[TimeControl "180+1"]
[EndTime "11:45:07 PST"]
[Termination "youngKID won on time"]

1. e4 c5 2. Nf3 d6 3. Bb5+ Nd7 4.
O-O a6 5. Bd3 Ngf6 6. Re1 e6 7.
c3 Be7 8. Bc2 b5 9. d4 Bb7 10.
Nbd2 O-O 11. Nf1 Qc7 12. Ng3 Rfc8 13. Bd3 h6 14. Qe2 Rab8 15. h3 Ba8 16. Bf4 e5 17. Be3 exd4 18. cxd4 Bf8 19. Rac1 Re8 20. Bf4 c4 21.
Bb1 Rbc8 22. Qd2 Qa7 23. d5 Nc5 24. Be3 Qb8 25. Bd4 Nfd7 26. Re3 Ne5 27. Ne1 Ng6 28. Nf5 Nd7 29. Nf3 Nde5 30. Nh2 Nf4 31. h4 Nfd3 32. Rf1 g6 33. f4 gxf5 34. fxe5 dxe5 35. Rg3+ Kh7 36. Rxf5 Re7 37. Be3 Rd7 38. Ng4 1-0

[Event "*** Titled Tuesday Blitz"]
[Site "Chess.com"]
[Date "2021.02.09"]
[Round "9"]
[White "Khnykin_Nikolay"]
[Black "Artem_Koval"]
[Result "0-1"]
[WhiteElo "2062"]
[BlackElo "2251"]
[TimeControl "180+1"]
[EndTime "11:45:07 PST"]
[Termination "Artem_Koval won by checkmate"]

1. e4 c5 2. d4 cxd4 3. c3 dxc3 4.
Nxc3 Nc6 5. Bc4 e6 6. Nf3 Qc7 7. Nb5 Qb8 8. g3 a6 9. Bf4 e5 10. Nxe5 Nxe5 11. Qd5 Nf6 12. Qd4 Nf3+ 13. Kf1 Nxd4 14.
Bxb8 axb5 15. Be5 bxc4 16. Bxd4 d5 17. exd5 Nxd5 18. Rc1 Be6 19. Kg2 Rxa2 20. Rhe1 Be7 21. b3 c3 22. Bxg7 Rg8 23. Bxc3 Nf4+ 24. Kh1 Nd3 25. Ra1 Nxf2+ 26. Kg2 Bd5+ 27. Kf1 Rxa1 28.
Rxa1 Ne4 29. Ra8+ Bd8 30. Be5 Kd7 31. Ra4 Ke6 32. Bf4 Bg5 33. Bxg5 Rxg5 34. b4 Rf5+ 35. Ke1 Nc3 36. Ra3 Re5+ 37. Kd2 Nb1+ 38. Kc2 Nxa3+ 39. Kb2 Nb5 40. Kc2 Re2+ 41. Kd3 Rxh2 42. g4 Rh3+ 43. Ke2 Ke5 44. g5 Ke4 45. g6 Rh2+ 46. Ke1 hxg6 47. Kd1 Ke3 48. Kc1 Kd3 49. Kb1 Kc3 50. Ka1 Kb3 51. Kb1 Rh1# 0-1

[Event "*** Titled Tuesday Blitz"]
[Site "Chess.com"]
[Date "2021.02.09"]
[Round "9"]
[White "albi1999"]
[Black "Agibileg"]
[Result "0-1"]
[WhiteElo "2611"]
[BlackElo "2519"]
[TimeControl "180+1"]
[EndTime "11:45:09 PST"]
[Termination "Agibileg won by resignation"]

1. c4 Nf6 2. g3 g6 3. Bg2 Bg7 4. Nf3 O-O 5. O-O d6 6. Nc3 e5 7. d3 Nc6 8. Rb1 Bg4 9. h3 Be6 10. b4 h6 11. b5 Ne7 12. Nd2 c6 13. bxc6 bxc6 14. Ba3 Qd7 15. Kh2 Nh7 16. Nde4 Nc8 17. c5 d5 18. Nd6 Nxd6 19. cxd6 Ng5 20. h4 Nh7 21. Na4 Rfb8 22. Rxb8+ Rxb8 23. Qd2 Rb5 24. Rc1 Bf8 25. Kg1 Nf6 26. Qc3 Bxd6 27. Bxd6 Qxd6 28.
Nc5 Bg4 29. e3 Nd7 30. Nxd7 Bxd7 31. d4 exd4 32. Qxd4 Ra5 33. Rc2 Be6 34. Rb2 c5 35.
Qf6 d4 36. exd4 cxd4 37. Rd2 d3 38. Be4 Ra3 39. h5 Qb4 40. Rb2 Qe1+ 41. Kg2 Qxe4+ 42. Kh2 Qa8 43. hxg6 Qf8 44. gxf7+ Bxf7 45. Rb4 Qxb4 0-1

[Event "*** Titled Tuesday Blitz"]
[Site "Chess.com"]
[Date "2021.02.09"]
[Round "9"]
[White "KubaGepard"]
[Black "HackingKid98"]
[Result "1-0"]
[WhiteElo "2375"]
[BlackElo "2467"]
[TimeControl "180+1"]
[EndTime "11:45:09 PST"]
[Termination "KubaGepard won by resignation"]

1. e4 c6 2. c4 d5 3. exd5 cxd5 4. d4 Nf6 5. Nc3 g6 6. Nf3 Bg7 7. Qa4+ Nbd7 8. cxd5 O-O 9. Bc4 Nb6 10. Qb3 Bf5 11. Bg5 Rc8 12. Bxf6 Bxf6 13. Be2 Qd6 14. O-O Rfd8 15.
Rad1 Nxd5 16. Bc4 Be6 17. Ne4 Qf4 18. Nxf6+ Qxf6 19. Ne5 Rc7 20. f4 a6 21. f5 gxf5 22. Qg3+ Kh8 23. Bxd5 Bxd5 24. Nxf7+ Qxf7 25. Qxc7 Rg8 26. Qe5+ Rg7 27. Rxf5 Qg8 28. Rdf1 Bxg2 29. Rf8 Bf3+ 30. Qxg7+ Kxg7 31. Rxg8+ Kxg8 32. Rxf3 b5 33. Kf2 Kg7 34. Ke3 h5 35. Ke4 Kg6 36. Ke5 Kg5 37.
Rg3+ Kh4 38. Kf4 b4 39. d5 a5 40. b3 a4 41. bxa4 b3 42. Rxb3 e5+ 43. Kf5 e4 44.
Kg6 e3 45. Rxe3 Kg4 46. d6 Kf4 47. d7 Kg4 48. d8=Q 1-0

[Event "*** Titled Tuesday Blitz"]
[Site "Chess.com"]
[Date "2021.02.09"]
[Round "9"]
[White "Angry_Twin"]
[Black "RobertoJBM"]
[Result "1/2-1/2"]
[WhiteElo "2836"]
[BlackElo "2728"]
[TimeControl "180+1"]
[EndTime "11:45:10 PST"]
[Termination "Game drawn by repetition"]

1. e4 c6 2. d4 d5 3. e5 Bf5 4.
Nf3 e6 5. Be2 Nd7 6. O-O h6 7.
Nbd2 Ne7 8. Nb3 Bh7 9. Bd2 Ng6 10. Rc1 Be7 11. c4 dxc4 12. Bxc4 Nb6 13. Bd3 O-O 14.
g3 Re8 15. Qe2 Nd5 16. Na5 Qd7 17. h4 Rac8 18. Rfd1 b6 19. Nc4 Red8 20. Be1 c5 21. dxc5 Bxc5 22. h5 Nf8 23. Bxh7+ Nxh7 24. b3 Qe7 25. Bd2 Rc7 26. Kg2 Rcd7 27. Rh1 Nb4 28. Bxb4 Bxb4 29. Rh4 Bc5 30. Rg4 Kh8 31. Ncd2 Ng5 32.
Ne4 Nxe4 33. Qxe4 Rd5 34. b4 Bd4 35. Nxd4 Rxd4 36. Qxd4 Rxd4 37. Rxd4 Qg5 38. Rc8+ Kh7 39.
Rf4 Qxh5 40. Rc7 Qxe5 41. Rfxf7 a5 42. bxa5 bxa5 43. g4 Kg6 44. f3 Qe2+ 45. Kg3 Qe1+ 46.
Kg2 Qe2+ 47. Kh3 Qf1+ 48. Kg3 Qg1+ 49. Kh3 Qh1+ 50. Kg3 Qg1+ 51. Kf4 Qd4+ 52. Kg3 Qg1+ 1/2-1/2

[Event "*** Titled Tuesday Blitz"]
[Site "Chess.com"]
[Date "2021.02.09"]
[Round "9"]
[White "salomez"]
[Black "Xeniya2005"]
[Result "0-1"]
[WhiteElo "2203"]
[BlackElo "2353"]
[TimeControl "180+1"]
[EndTime "11:45:12 PST"]
[Termination "Xeniya2005 won by checkmate"]

1. e4 e6 2. d4 d5 3. Nc3 Nf6 4.
Bg5 dxe4 5. Nxe4 Nbd7 6. Nf3 h6 7. Bxf6 Nxf6 8. Bd3 Be7 9. Qe2 Nxe4 10. Qxe4 c5 11. O-O-O Qa5 12. Kb1 Bf6 13. g4 Bd7 14. Qxb7 Ke7 15.
Ne5 Bxe5 16. dxe5 Rab8 17. Qe4 Qb6 18. b3 Bc6 19. Qe3 Bxh1 20. Rxh1 Rhd8 21. g5 c4 22. Qxb6 Rxb6 23. Bxc4 hxg5 24. h4 Rh8 25. h5 Rh6 26. Be2 g6 27. Rg1 gxh5 28. Rxg5 h4 29. Rg2 h3 30. Rh2 Rb4 31. c4 Rb8 32. Bg4 Rbh8 33. Kc2 Rg8 34. f3 Rg5 35. Kd3 Rxe5 36. Kd4 Rg5 37.
Rxh3 Rxh3 38. Bxh3 Ra5 39. a4 Kd6 40. b4 Rxa4 41. c5+ Kc7 42. Kc4 a5 43. Kb5 Rxb4+ 44. Kxa5 Rb2 45. f4 Kc6 46. f5 Kxc5 47. fxe6 Ra2# 0-1

[Event "*** Titled Tuesday Blitz"]
[Site "Chess.com"]
[Date "2021.02.09"]
[Round "9"]
[White "bascheyaro"]
[Black "karinachess1"]
[Result "0-1"]
[WhiteElo "2731"]
[BlackElo "2555"]
[TimeControl "180+1"]
[EndTime "11:45:13 PST"]
[Termination "karinachess1 won by checkmate"]

1. d4 Nf6 2. c4 e6 3. Nf3 d5 4. e3 Be7 5. Nc3 O-O 6. b3 b6 7. Bb2 c5 8. dxc5 bxc5 9. cxd5 exd5 10. Be2 Bb7 11. O-O Nbd7 12. Rc1 Rc8 13. Qc2 d4 14. exd4 Bxf3 15. Bxf3 cxd4 16. Rfd1 dxc3 17. Bxc3 Qc7 18. Qb2 Qb8 19. Rc2 Bb4 20. Bd4 Rxc2 21. Qxc2 Rc8 22. Qf5 g6 23. Qg5 Be7 24. h4 a6 25.
h5 Qb5 26. Qe3 Bf8 27. hxg6 hxg6 28. a4 Qf5 29. Ba1 Bc5 30. Qe2 Re8 31. Qxa6 Qe6 32.
Qxe6 Rxe6 33. Rc1 Bb4 34. Kf1 Ne5 35. Rc8+ Kg7 36. Be2 Ned7 37. g3 g5 38. Bc4 Re1+ 39.
Kg2 Rxa1 40. Rc6 Ra2 41. Rc7 Rb2 42. Kh3 Rxf2 43. a5 g4+ 44. Kh4 Bd2 45. Bxf7 Rh2# 0-1

[Event "*** Titled Tuesday Blitz"]
[Site "Chess.com"]
[Date "2021.02.09"]
[Round "9"]
[White "Grammnik"]
[Black "ARTHURMOTIVATOR"]
[Result "0-1"]
[WhiteElo "2401"]
[BlackElo "2311"]
[TimeControl "180+1"]
[EndTime "11:45:13 PST"]
[Termination "ARTHURMOTIVATOR won on time"]

1. d4 Nf6 2. Nf3 g6 3. c4 Bg7 4. Nc3 O-O 5. e4 d6 6. Be2 e5 7.
O-O Nbd7 8. Bg5 h6 9. Bh4 g5 10. Bg3 Nh5 11. d5 Nf4 12. Nd2 Nf6 13. f3 N6h5 14.
Bf2 a6 15. c5 Qf6 16. cxd6 cxd6 17. Nc4 Qg6 18. Nb6 Rb8 19. Nxc8 Rbxc8 20. g3 Nh3+ 21. Kg2 Nxf2 22. Rxf2 Bf6 23. Kh1 Bd8 24. Qb3 b5 25. a4 Bb6 26. Rg2 f5 27. axb5 axb5 28.
Qxb5 Bc5 29. Qd7 Rce8 30. Bd3 f4 31. g4 Nf6 32. Qb5 h5 33. gxh5 Nxh5 34. Ra6 Rf6 35.
Rxg5 Qxg5 36. Qxe8+ Rf8 37. Qxf8+ Kxf8 38. Ne2 Qh4 39.
Kg2 Qf2+ 40. Kh3 Qxf3+ 41. Kh4 Nf6 42. Kg5 Nh7+ 43. Kg6 Qg2+ 44. Kf5 f3 0-1

[Event "*** Titled Tuesday Blitz"]
[Site "Chess.com"]
[Date "2021.02.09"]
[Round "9"]
[White "Anurag328"]
[Black "IljaJoke"]
[Result "1-0"]
[WhiteElo "2648"]
[BlackElo "2516"]
[TimeControl "180+1"]
[EndTime "11:45:14 PST"]
[Termination "Anurag328 won on time"]

1. Nf3 d5 2. c4 e6 3. g3 c5 4. Bg2 Nc6 5. O-O d4 6. e3 Nf6 7. exd4 cxd4 8. d3 Be7 9. Na3 O-O 10. Re1 Nd7 11. Nc2 e5 12. b4 Nxb4 13. Nxe5 Nxe5 14. Rxe5 Nxc2 15. Qxc2 Be6 16. Rb1 Rb8 17. Bf4 Bd6 18.
Re4 Bxf4 19. Rxf4 Qd7 20. Bd5 b6 21. Rxd4 Qd6 22. Qb2 Rfd8 23. Re1 Qc5 24. Re5 Qd6 25.
Rde4 Bxd5 26. Rxd5 Qc6 27. Qe5 h6 28. Kg2 Rbc8 29.
Qf5 Rf8 30. Re7 a5 31. h4 Rcd8 32. Rd7 Rxd7 33. Qxd7 Qf6 34. Rd6 Qb2 35. a4 Rb8 36. Qb5 Qc3 37. Rxb6 Rxb6 38. Qxb6 Qxd3 39. Qc6 Qd4 40.
Qd5 Qc3 41. c5 h5 42. c6 g6 43. Qd7 Kg7 44. c7 1-0

[Event "*** Titled Tuesday Blitz"]
[Site "Chess.com"]
[Date "2021.02.09"]
[Round "9"]
[White "AndrewMaco"]
[Black "crazy_but_lazy"]
[Result "1-0"]
[WhiteElo "2676"]
[BlackElo "2507"]
[TimeControl "180+1"]
[EndTime "11:45:14 PST"]
[Termination "AndrewMaco won on time"]

1. e4 c5 2. Nf3 d6 3. d4 cxd4 4. Nxd4 Nf6 5. Nc3 a6 6. f3 e5 7. Nb3 Be6 8. Be3 Nbd7 9. Qd2 h5 10. Nd5 Bxd5 11. exd5 g6 12. O-O-O Bg7 13. Kb1 Qc7 14. Rc1 O-O 15. Be2 a5 16. a4 Nb6 17. Bxb6 Qxb6 18.
Bb5 Kh7 19. Rcd1 Qc7 20. Qe2 Nd7 21. g4 h4 22. g5 Nc5 23. Nd2 Qe7 24. Rhg1 f5 25.
Qf2 Rh8 26. Qxh4+ Kg8 27. Qf2 Kf7 28. h4 Rac8 29. Nc4 e4 30. Rge1 Rh5 31. fxe4 Nxe4 32. Nxd6+ Qxd6 33. Rxe4 Rhh8 34. Rde1 Rhd8 35. Re7+ Kg8 36.
h5 Qb4 37. Rxg7+ Kxg7 38. hxg6 Rxd5 39. c3 Qc5 40. Qh4 Rh8 41. Qf4 Rhd8 42. Ka2 Qd6 43. Qf3 1-0

[Event "*** Titled Tuesday Blitz"]
[Site "Chess.com"]
[Date "2021.02.09"]
[Round "9"]
[White "Piccadilly123"]
[Black "Azde"]
[Result "0-1"]
[WhiteElo "2178"]
[BlackElo "2346"]
[TimeControl "180+1"]
[EndTime "11:45:15 PST"]
[Termination "Azde won by checkmate"]

1. e4 c6 2. Nc3 d5 3. Nf3 dxe4 4. Nxe4 Nd7 5. d4 e6 6. Bd3 Ngf6 7. O-O Be7 8. Qe2 Nxe4 9. Qxe4 Nf6 10. Qe2 Qc7 11.
Bd2 c5 12. c4 cxd4 13. Nxd4 a6 14. Bc3 O-O 15. Rfd1 Bd7 16. a4 Rfe8 17. a5 Rad8 18. b3 Bc8 19. Rac1 g6 20. Qf3 Nh5 21. Bb1 Qf4 22.
g3 Qg5 23. h4 Qc5 24. Ne2 e5 25. Rd5 Rxd5 26. Qxd5 Qxd5 27. cxd5 Bd6 28. Bb2 f5 29. Nc3 Bd7 30. Na4 Bxa4 31. bxa4 Nf6 32. Ba2 Kf7 33. Kf1 Ke7 34. Ke2 Kd7 35. Bc3 Rc8 36. Kd2 Ne4+ 37. Kd3 Nxf2+ 38. Ke2 Ne4 39. Bd2 Nxg3+ 40. Kf3 Ne4 41. Rxc8 Nxd2+ 42. Ke2 Kxc8 43. Kxd2 Bb4+ 44. Kd3 Bxa5 45. Kc4 Kd7 46. Kc5 Bc7 47. Kc4 Kd6 48. Kd3 Bb6 49. Kc4 e4 50. Kc3 Ke5 51. Kd2 f4 52. Ke2 h6 53. Bb3 g5 54.
hxg5 hxg5 55. Ba2 g4 56. Kf1 f3 57. Ke1 g3 58. a5 Bxa5+ 59. Kf1 g2+ 60. Kf2 Bb6+ 61.
Kg3 g1=Q+ 62. Kh4 Kf4 63. d6 Qg4# 0-1

[Event "*** Titled Tuesday Blitz"]
[Site "Chess.com"]
[Date "2021.02.09"]
[Round "9"]
[White "Savagelittlemole"]
[Black "HrvojeZagreb"]
[Result "0-1"]
[WhiteElo "2384"]
[BlackElo "2244"]
[TimeControl "180+1"]
[EndTime "11:45:16 PST"]
[Termination "HrvojeZagreb won by resignation"]

1. e4 e6 2. d4 d5 3. Nd2 dxe4 4. Nxe4 Nd7 5. Nf3 Ngf6 6. Nxf6+ Nxf6 7. Bd3 c5 8. O-O cxd4 9. Nxd4 Bc5 10. Be3 Bb6 11. c3 Nd5 12. Bd2 O-O 13. Qf3 Qf6 14. Qh3 h6 15. Qg3 e5 16. Nf3 Re8 17. Be4 Nf4 18.
Rae1 g5 19. h3 Rb8 20. Nh2 Qg7 21. Be3 Bc7 22. Bxa7 Ra8 23. Be3 Rxa2 24. Bc1 f5 25. Bc2 Ra5 26. Bb3+ Kh8 27. Qf3 e4 28. Qd1 Rd8 29.
Qc2 Qe5 30. Bxf4 Qxf4 31. g3 Qe5 32. Rd1 Rxd1 33. Rxd1 Bb6 34. Nf1 Be6 35. Bxe6 Qxe6 36. Kg2 f4 37. Qd2 e3 38. fxe3 Qe4+ 39. Kh2 fxe3 40.
Qe2 Rf5 41. Kg1 Rf2 42. Nxe3 Rxe2 43. Kf1 Qxe3 0-1

[Event "*** Titled Tuesday Blitz"]
[Site "Chess.com"]
[Date "2021.02.09"]
[Round "9"]
[White "Chopper1905"]
[Black "jamalm2"]
[Result "1-0"]
[WhiteElo "2946"]
[BlackElo "1938"]
[TimeControl "180+1"]
[EndTime "11:45:16 PST"]
[Termination "Chopper1905 won on time"]

1. d4 Nf6 2. c4 e6 3. Nc3 Bb4 4. e3 b6 5. Ne2 Bb7 6. a3 Be7 7. d5 d6 8. Nd4 e5 9. Nf5 O-O 10. e4 Bc8 11. Nxe7+ Qxe7 12. Be2 Nbd7 13. O-O Nc5 14. Qc2 a5 15. Be3 h6 16. b4 axb4 17.
axb4 Rxa1 18. Rxa1 Na6 19. Qb1 Qd7 20. c5 dxc5 21.
Bxa6 Bxa6 22. Rxa6 cxb4 23. Qxb4 Ng4 24. Bd2 f5 25. f3 Nf6 26. Qc4 fxe4 27. fxe4 Ng4 28. h3 Qf7 29. Qe2 Nf2 30. Be3 Nxe4 31. Nxe4 Qxd5 32. Nd2 e4 33. Qc4 Qxc4 34. Nxc4 Rd8 35.
Ra7 b5 36. Ne5 Rd5 37. Nc6 Rd3 38. Bd4 e3 39. Ra8+ Kh7 40. Re8 Rd1+ 41. Kh2 Rc1 42.
Re6 e2 43. Bf2 Rc2 44. Nd4 1-0

[Event "*** Titled Tuesday Blitz"]
[Site "Chess.com"]
[Date "2021.02.09"]
[Round "9"]
[White "SanchezKelvin"]
[Black "LEGENYA1998"]
[Result "0-1"]
[WhiteElo "2433"]
[BlackElo "2276"]
[TimeControl "180+1"]
[EndTime "11:45:17 PST"]
[Termination "LEGENYA1998 won by resignation"]

1. e4 c6 2. d4 d5 3. e5 Bf5 4. Nc3 e6 5. g4 Bg6 6. Nge2 c5 7. h4 h6 8. f4 Nc6 9. Be3 Qb6 10. Na4 Qa5+ 11.
c3 cxd4 12. Nxd4 Be4 13. Rh2 Nge7 14. Bb5 a6 15. b4 Qc7 16. Be2 Nxd4 17. Bxd4 Nc6 18.
Nb2 Nxd4 19. Qxd4 Be7 20. a3 Bd8 21. c4 Qb6 22. c5 Qc7 23. Rc1 O-O 24. g5 a5 25.
gxh6 gxh6 26. Rc3 axb4 27. axb4 Kh8 28. Nd1 f6 29. Rg3 fxe5 30. fxe5 Be7 31. Qe3 Kh7 32. Qd4 Rg8 33. Rxg8 Rxg8 34. Nf2 Bf5 35. Bd3 Rf8 36. Bxf5+ Rxf5 37. Nd3 Bf8 38. Rg2 Qf7 39. Ke2 Bg7 40. b5 Rf1 41. Rf2 Rxf2+ 42. Nxf2 Qh5+ 43. Qg4 Qxe5+ 44. Kf3 Qc3+ 45. Kg2 Qxc5 46. Qxe6 d4 47. Ne4 Qe5 48. Qxe5 Bxe5 49. h5 Kg7 50. Nc5 b6 51. Na4 Bc7 52. Kf3 Kf6 53. Ke4 Kg5 54. Kxd4 Kxh5 55. Ke4 Kg4 56. Ke3 Kg3 57. Nc3 h5 58. Ne4+ Kg2 59.
Ng5 h4 60. Ke4 h3 61. Nxh3 Kxh3 62. Kd5 Bg3 0-1

[Event "*** Titled Tuesday Blitz"]
[Site "Chess.com"]
[Date "2021.02.09"]
[Round "9"]
[White "Bulldog167"]
[Black "Volodar_Murzin"]
[Result "0-1"]
[WhiteElo "2824"]
[BlackElo "2637"]
[TimeControl "180+1"]
[EndTime "11:45:18 PST"]
[Termination "Volodar_Murzin won by resignation"]

1. d4 Nf6 2. c4 g6 3. Nc3 Bg7 4. e4 O-O 5. h3 d6 6. Be3 c6 7. Nf3 a5 8. Be2 Na6 9. O-O Nd7 10. Qd2 e5 11. Rfd1 Re8 12. d5 Bf8 13. Ne1 Nac5 14. Nd3 Nxd3 15. Bxd3 Be7 16. b3 c5 17. Nb5 Nf6 18. a3 Bd7 19. Nc3 Nh5 20. Be2 Nf4 21. Bxf4 exf4 22. Qxf4 Bf6 23. Rac1 Be5 24.
Qf3 h5 25. Bd3 Qg5 26. Ne2 Bb2 27. Rb1 Bxa3 28. Bc2 Bb4 29. Nc1 b5 30. cxb5 Bxb5 31. Bd3 Bd7 32. Na2 Qe5 33. Nxb4 axb4 34. Qe3 Ra3 35.
f4 Qxd5 36. Bc2 Qe6 37. Qd2 Ra2 38. Ra1 Rxa1 39. Rxa1 Bc6 40. Re1 d5 41. e5 d4 42.
Bd3 Qxb3 43. f5 Qc3 44. Qd1 c4 45. fxg6 Qxd3 46. gxf7+ Kxf7 47. Qxh5+ Qg6 48. Qf3+ Bxf3 0-1

[Event "*** Titled Tuesday Blitz"]
[Site "Chess.com"]
[Date "2021.02.09"]
[Round "9"]
[White "elextranjero00"]
[Black "manmanlai1"]
[Result "1-0"]
[WhiteElo "2603"]
[BlackElo "2477"]
[TimeControl "180+1"]
[EndTime "11:45:18 PST"]
[Termination "elextranjero00 won on time"]

1. d4 Nf6 2. c4 g6 3. Nc3 Bg7 4. e4 d6 5. h3 O-O 6. Be3 Nbd7 7.
g4 c5 8. Nge2 cxd4 9. Nxd4 Nc5 10. Bg2 Ne6 11. Nde2 Bd7 12. Qd2 Rc8 13. b3 a6 14. f4 b5 15. f5 Nc5 16. O-O bxc4 17. b4 Nd3 18. Nf4 Nxf4 19. Rxf4 Bc6 20. Rd1 Nd7 21.
g5 Be5 22. Rf2 Rb8 23. a3 e6 24. Ne2 exf5 25. exf5 Bxg2 26. Rxg2 Re8 27. Bd4 Qc7 28. Nc3 Nb6 29. Kh1 Rbd8 30. Bxb6 Qxb6 31. Nd5 Qc6 32. f6 c3 33. Qd3 Rc8 34. Rc2 Kh8 35. Kg1 Qb7 36. h4 a5 37. Rf1 axb4 38. axb4 Ra8 39. Qf3 Ra3 40. Kg2 Rea8 41. Rd1 Ra2 42. Rc1 Qb5 43. Ne3 1-0

[Event "*** Titled Tuesday Blitz"]
[Site "Chess.com"]
[Date "2021.02.09"]
[Round "9"]
[White "MF1966Idrisov"]
[Black "theultimatehunter"]
[Result "0-1"]
[WhiteElo "2386"]
[BlackElo "2265"]
[TimeControl "180+1"]
[EndTime "11:45:18 PST"]
[Termination "theultimatehunter won by checkmate"]

1. Nf3 d5 2. b3 Nf6 3. Bb2 e6 4. e3 Be7 5. d4 O-O 6. Bd3 b6 7. Nbd2 c5 8. O-O Bb7 9. Ne5 Nbd7 10. Qf3 Qc7 11. Nxd7 Qxd7 12. dxc5 bxc5 13. Qh3 h6 14. Nf3 d4 15. exd4 Bxf3 16. Qxf3 cxd4 17. Rfe1 Bb4 18.
Re2 Qd6 19. Rd1 Rac8 20. Bxd4 Qe7 21. c4 Rfd8 22. Qe3 Bd6 23. h3 Nh5 24. Qe4 g6 25. Be5 Bxe5 26. Qxe5 Rc5 27. Qe3 Qh4 28. Bc2 Rxd1+ 29.
Bxd1 Rg5 30. Rd2 Nf4 31. Rd8+ Kh7 32. Bf3 Nxh3+ 33. Kf1 Nf4 34. g3 Qh3+ 35. Ke1 Ng2+ 36. Bxg2 Qxg2 37. Qd4 Qh1+ 38. Ke2 Qh5+ 39. Kd2 e5 40.
Qd7 Rf5 41. Qe8 Rxf2+ 42. Kc3 Qf3+ 43. Kb4 Qb7+ 44. Kc5 Qb6+ 45. Kd5 Rd2+ 46. Ke4 Qxd8 47. Qxf7+ Kh8 48. Qe6 Qd4+ 49. Kf3 Rf2# 0-1

[Event "*** Titled Tuesday Blitz"]
[Site "Chess.com"]
[Date "2021.02.09"]
[Round "9"]
[White "nochewycandy"]
[Black "HajiyevKanan"]
[Result "1-0"]
[WhiteElo "2650"]
[BlackElo "2485"]
[TimeControl "180+1"]
[EndTime "11:45:19 PST"]
[Termination "nochewycandy won by resignation"]

1. e4 c6 2. d4 d5 3. Nd2 a6 4. Ngf3 Bg4 5. h3 Bh5 6. Be2 e6 7. O-O Nf6 8. e5 Nfd7 9. c3 c5 10. Nb3 cxd4 11. cxd4 Nc6 12. Be3 Be7 13. Ne1 Bg6 14.
Nd3 O-O 15. Nf4 Rc8 16. a3 b5 17. Qd2 Nb6 18. Nc5 Bxc5 19. dxc5 Nc4 20. Bxc4 dxc4 21.
Qc3 Bd3 22. Rfe1 h6 23. b4 Bf5 24. Rad1 Qc7 25. Rd6 Rfd8 26. Red1 Rxd6 27. exd6 Qd7 28.
Nh5 f6 29. Qxf6 Qf7 30. Qxf7+ Kxf7 31. Bc1 e5 32. Bb2 g6 33. Ng3 Ke6 34. f3 h5 35. Bc3 a5 36. Kf2 axb4 37. axb4 Ra8 38. Nxf5 gxf5 39. d7 Ra2+ 40. Kg3 Rc2 41. Rd6+ Ke7 42.
Bxe5 h4+ 43. Kh2 c3 44. Bf6+ Kf7 45. Rxc6 Rd2 46. Bxc3 Rxd7 47. Be5 f4 48. Bxf4 Rd4 49. Bd6 Rxb4 50. Rb6 Rb1 51. c6 Ke6 52. c7 Kd7 53. Be5 Re1 54. f4 Rb1 55. Rb8 Rc1 56. Rxb5 Ke6 57.
Rb8 Kf5 58. c8=Q+ Rxc8 59. Rxc8 Ke4 60. Rf8 Ke3 61. f5 Ke4 62. f6 Kd5 63. Bf4 Ke6 64. f7 Kf5 65. Rg8 Ke4 66. f8=Q Kd3 67. Bg5 Ke2 68. Qf3+ Ke1 69. Bxh4+ Kd2 70. Rd8+ Kc2 71.
Qc6+ Kb2 72. Rb8+ 1-0

[Event "*** Titled Tuesday Blitz"]
[Site "Chess.com"]
[Date "2021.02.09"]
[Round "9"]
[White "jens1102"]
[Black "jaramsdal"]
[Result "1-0"]
[WhiteElo "2459"]
[BlackElo "2308"]
[TimeControl "180+1"]
[EndTime "11:45:20 PST"]
[Termination "jens1102 won by resignation"]

1. e3 e5 2. c4 d5 3. cxd5 Nf6 4. Nf3 e4 5. Nd4 Bc5 6. Nb3 Bb6 7. a4 a5 8. Nc3 Nxd5 9. Nxe4 Bf5 10. Ng3 Bg6 11.
d3 Nb4 12. e4 Qf6 13. f4 Qc6 14. f5 Nc2+ 15. Ke2 Nxa1 16. Nxa1 Nd7 17. fxg6 hxg6 18. Qc2 Qf6 19. Be3 Bxe3 20. Kxe3 Qg5+ 21. Ke2 O-O-O 22. Qd2 Qg4+ 23. Kf2 Ne5 24. Nc2 Nc4 25. Qc1 Ne5 26. d4 Nc6 27. Be2 Qe6 28. d5 Qf6+ 29. Ke1 Nd4 30.
Nxd4 Qxd4 31. Qd2 Qe5 32. Qc3 Qd6 33. h3 b6 34. Rf1 Rde8 35. Kd1 f6 36. Kc2 Re5 37.
Kb1 Rg5 38. Bg4+ f5 39. exf5 gxf5 40. Rxf5 Rxf5 41. Nxf5 Qf4 42. Qxg7 Rd8 43. Qe7 Qf1+ 44. Ka2 Qxg2 45. Nd6+ Kb8 46. Qxd8+ Ka7 47. Qxc7+ 1-0

[Event "*** Titled Tuesday Blitz"]
[Site "Chess.com"]
[Date "2021.02.09"]
[Round "9"]
[White "HanSchut"]
[Black "RafalBRC"]
[Result "0-1"]
[WhiteElo "2262"]
[BlackElo "2108"]
[TimeControl "180+1"]
[EndTime "11:45:20 PST"]
[Termination "RafalBRC won on time"]

1. e4 e6 2. d4 d5 3. Nd2 dxe4 4. Nxe4 Bd7 5. Bd3 Bc6 6. Nf3 Nd7 7. Qe2 Ngf6 8. Ng3 b6 9. b3 Be7 10.
Bb2 Bb7 11. O-O-O c5 12. dxc5 Bxc5 13. Ne5 O-O 14. Nxd7 Nxd7 15. Bb5 Qg5+ 16. Kb1 Nf6 17. h4 Qg4 18. Bxf6 Qxe2 19. Bxe2 gxf6 20. Nh5 Bxf2 21. Nxf6+ Kg7 22. Rdf1 Bd4 23. Nh5+ Kh8 24. Bf3 Bxf3 25.
Rxf3 f5 26. Rd1 e5 27. c3 e4 28. Rff1 Bxc3 29. Rd7 e3 30. Nf4 Rae8 31. Rc1 Be5 32. Nd3 Bb8 33. Rc6 e2 34. Rh6 e1=Q+ 35. Nxe1 Rxe1+ 36.
Kb2 Be5+ 37. Ka3 Bg7 38. Rc6 Re2 39. h5 b5 40. h6 Bb2+ 41. Kb4 Rxg2 42. Rcc7 a6 43.
Rxh7+ Kg8 44. Rhd7 f4 45. h7+ Kh8 46. Rf7 Rxf7 47.
Rxf7 Be5 48. a4 Rg7 0-1

[Event "*** Titled Tuesday Blitz"]
[Site "Chess.com"]
[Date "2021.02.09"]
[Round "9"]
[White "MatthewG-p4p"]
[Black "wonderfultime"]
[Result "0-1"]
[WhiteElo "2830"]
[BlackElo "2940"]
[TimeControl "180+1"]
[EndTime "11:45:22 PST"]
[Termination "wonderfultime won by checkmate"]

1. c4 c6 2. e4 e5 3. Nf3 d6 4. d4 exd4 5. Nxd4 Nf6 6. Nc3 Be7 7. Be2 O-O 8. O-O Re8 9. Re1 h6 10. Bf4 Bf8 11. Qc2 Na6 12. Rad1 Nc5 13. Bf3 Qc7 14.
b4 Ncd7 15. Qb3 Ne5 16. Be2 Ng6 17. Bg3 Nxe4 18. Nxe4 Rxe4 19. c5 Qe7 20. cxd6 Qe8 21. Kf1 Nf4 22. Bc4 Nd5 23. Bxd5 cxd5 24. Qxd5 Rxe1+ 25. Rxe1 Qd8 26. h4 Bd7 27. Rd1 Qb6 28. a3 Qa6+ 29.
Kg1 Re8 30. Qb3 Ba4 31. Qf3 Bxd1 32. Qxd1 Bxd6 33. Nf5 Bf8 34. Qg4 Qg6 35. Qf3 Qe6 36. Ne3 Qe4 37. Qd1 b6 38. Qd7 a5 39. bxa5 bxa5 40.
a4 Qe6 41. Qb5 Bb4 42. Bc7 Qe4 43. Bxa5 Bd6 44. Bb6 Qe5 45. Qxe5 Rxe5 46. a5 Rb5 47. Nc4 Rb1# 0-1

[Event "*** Titled Tuesday Blitz"]
[Site "Chess.com"]
[Date "2021.02.09"]
[Round "9"]
[White "Taktikmonster"]
[Black "C_K_G"]
[Result "1-0"]
[WhiteElo "2282"]
[BlackElo "2106"]
[TimeControl "180+1"]
[EndTime "11:45:26 PST"]
[Termination "Taktikmonster won on time"]

1. e4 c5 2. Nf3 d6 3. d4 cxd4 4. Nxd4 Nf6 5. Nc3 a6 6. Be2 e5 7. Nb3 Be7 8. Be3 O-O 9. O-O Be6 10. Qd3 Nbd7 11. Nd5 b5 12. Nxe7+ Qxe7 13. Rad1 d5 14. exd5 Bxd5 15. Bg5 Bc4 16. Qe3 Qe6 17. Bxc4 bxc4 18.
Nd2 Rac8 19. Rfe1 Rfe8 20. Nf3 h6 21. Bxf6 Nxf6 22. Qa3 e4 23. Nd4 Qb6 24. Nf5 Rb8 25. Qg3 Nh5 26. Qg4 Qg6 27. Qxg6 fxg6 28. Nd6 Re6 29.
Nxc4 Nf4 30. Rd4 Rbe8 31. Nd2 g5 32. Rdxe4 Rxe4 33. Rxe4 Rd8 34. Nf3 Rd1+ 35. Re1 Rd5 36. g3 Ng6 37. c4 Rc5 38. Rc1 a5 39. b3 g4 40. Nd2 h5 41. a3 Re5 42. Kf1 h4 43. c5 Re8 44. b4 hxg3 45. hxg3 Ne5 46. c6 Rc8 47. b5 Kf7 48. c7 Nd7 49. Nb3 Ke7 50. Nxa5 Kd6 51. Rc6+ Kd5 52. Nc4 1-0